 Dungeon Crawl Stone Soup version 0.26.1-10-gdfb7c7de75 (webtiles) character file.

Game seed: 7114785090759923716

353 jifgo the Magician (level 6, 0/35 HPs)
             Began as a Deep Elf Fire Elementalist on Apr 8, 2021.
             Killed from afar by Blork the orc (5 damage)
             ... with a puff of flame
             ... on level 4 of the Dungeon.
             The game lasted 00:09:59 (5752 turns).

jifgo the Magician (Deep Elf Fire Elementalist)     Turns: 5752, Time: 00:10:00

Health: 0/35       AC:  5    Str:  5    XL:     6   Next: 35%
Magic:  15/15      EV: 14    Int: 22    God:
Gold:   172        SH:  0    Dex: 15    Spells: 5/14 levels left

rFire    . . .     SeeInvis +   q - +1 dagger "Oligy" {venom, rC- Will+ SInv} (curse)
rCold    x . .     Faith    .   (no shield)
rNeg     . . .     Spirit   .   a - +0 robe
rPois    .         Reflect  .   p - +0 helmet
rElec    .         Harm     .   (no cloak)
rCorr    .         Rampage  .   s - +1 pair of gloves
Will     +....                  (no boots)
Stlth    ++........             (no amulet)
HPRegen  0.11/turn              (no ring)
MPRegen  0.14/turn              (no ring)

@: invisible
A: no striking features
a: no special abilities


You were on level 4 of the Dungeon.
You visited 1 branch of the dungeon, and saw 5 of its levels.

You collected 172 gold pieces.

Inventory:

Hand Weapons
 j - a +0 dagger of speed
 o - a +1 whip of electrocution
 q - the cursed +1 dagger "Oligy" (weapon) {venom, rC- Will+ SInv}
   (You found it on level 4 of the Dungeon)

   It poisons the flesh of those it strikes.
   It makes you vulnerable to cold.
   It affects your willpower, your defense against some magical effects.
   It lets you see invisible.
   It has a curse placed upon it.
Missiles
 n - 8 poisoned darts
Armour
 a - a +0 robe (worn)
 p - a +0 helmet (worn)
 s - a +1 pair of gloves (worn)
Scrolls
 e - 3 scrolls of enchant weapon {unknown}
 f - a scroll of fog
 l - a scroll of remove curse {unknown}
 t - a scroll of fear {unknown}
Potions
 b - 2 potions of flight
 c - a potion of lignification {unknown}
 d - 4 potions of haste
 g - 3 potions of curing {unknown}
 i - a potion of heal wounds {unknown}
 k - 2 potions of ambrosia
 r - a potion of might


   Skills:
 + Level 2.0 Fighting
 + Level 4.1 Dodging
 - Level 3.0 Stealth
 + Level 4.8 Spellcasting
 + Level 3.3 Conjurations
 + Level 4.4 Fire Magic


You had 5 spell levels left.
You knew the following spells:

 Your Spells              Type           Power        Failure   Level
a - Conjure Flame         Conj/Fire      22%          6%          3
b - Fireball              Conj/Fire      11%          52%         5
x - Foxfire               Conj/Fire      88%          2%          1

Your spell library contained the following spells:

 Spells                   Type           Power        Failure   Level
 Inner Flame              Hex/Fire       15%          13%         3
 Sticky Flame             Conj/Fire      22%          22%         4


Dungeon Overview and Level Annotations

Branches:
Dungeon (5/15)
 Temple: D:4-7

Altars:
Dithmenos
Nemelex Xobeh

Annotations:
D:4 exclusion: ogre, Blork the orc


Message History

Blork the orc burns you.
Blork the orc zaps a wand.
The puff of flame misses you.
Blork the orc begins to cast a cantrip, but forgets the words!
Blork the orc screams, "I'll rip your head off!"
Blork the orc barely misses you.
Blork the orc zaps a wand.
The puff of flame hits you!
Blork the orc zaps a wand.
The puff of flame hits you!
* * * LOW HITPOINT WARNING * * *
Blork the orc zaps a wand.
The puff of flame hits you.
* * * LOW HITPOINT WARNING * * *
Blork the orc zaps a wand.
The puff of flame hits you.
* * * LOW HITPOINT WARNING * * *
Okay, then.
Unknown command.
Press: ? - help, v - describe, . - travel
Here: Blork the orc, wielding a +2 trident of flaming, wearing a +0 leather armour and carrying a wand of flame (6) (fast)
The floor.
You fade into invisibility!
Blork the orc zaps a wand.
The puff of flame hits you.
You die...

#####..........o.>.....# #.
#..[...............###.# #.
#..................# #.# #<
#.......#######'######.# ##
#.......# #...........# ####
#.......# #.##.######.# #...
#.......# #.##.######.###...
#.......# #.............'...
#.......####@##.######.###...
#######..o......# #.# #...
#.####.#### #.# #... #.#
##.#########.###### #.#
#.................)
#.####'##########......
#.##.......# #.##.##
#.##.......# #.##.##
#.##.......# #.##.##


You could see Blork the orc (fast).

Vanquished Creatures
  2 hounds (D:4)
  An orc priest (D:4)
  3 worker ants
  Robin (D:4)
  4 gnolls (D:4)
  3 adders (D:2)
  An ooze (D:3)
  An adder skeleton (D:4)
  2 worms (D:2)
  2 dart slugs
  3 leopard geckos
  3 orcs
  3 bats
  6 giant cockroaches
  10 hobgoblins
  10 jackals
  4 quokkas
  A ball python (D:2)
  5 frilled lizards
  9 goblins
  10 kobolds
  A leopard gecko skeleton (D:4)
  9 rats
94 creatures vanquished.

Vanquished Creatures (others)
  282 foxfires
282 creatures vanquished.

Grand Total: 376 creatures vanquished

Notes
Turn   | Place    | Note
-------+----------+-------------------------------------------
     0 | D:1      | jifgo the Deep Elf Fire Elementalist began the quest for
                  | the Orb.
     0 | D:1      | Reached XP level 1. HP: 10/10 MP: 6/6
   230 | D:1      | Reached XP level 2. HP: 14/15 MP: 2/8
   714 | D:1      | Reached XP level 3. HP: 20/20 MP: 6/9
  1706 | D:2      | Reached skill level 1 in Fighting
  1860 | D:2      | Reached XP level 4. HP: 25/25 MP: 8/11
  2416 | D:2      | Found a sparkling altar of Nemelex Xobeh.
  2800 | D:3      | Found a shadowy altar of Dithmenos.
  3320 | D:4      | Reached XP level 5. HP: 20/29 MP: 7/13
  3418 | D:4      | Learned a level 3 spell: Conjure Flame
  3424 | D:4      | Learned a level 5 spell: Fireball
  3905 | D:4      | Noticed Robin
  3932 | D:4      | Killed Robin
  4339 | D:4      | Got a twisted dagger
  4340 | D:4      | Identified the cursed +1 dagger "Oligy" {venom, rC- Will+
                  | SInv} (You found it on level 4 of the Dungeon)
  4436 | D:4      | Reached XP level 6. HP: 29/35 MP: 11/14
  4683 | D:4      | Noticed Blork the orc
  5090 | D:5      | Entered Level 5 of the Dungeon
  5752 | D:4      | Killed from afar by Blork the orc

Illustrated notes

Levels and vault maps discovered:
D:1:      arrival_zaba_pyramid, layout_loops_ring
D:2:      layout_basic, kennysheep_another_room, nemelex_spade_bored_becter
D:3:      layout_loops_cross, grunt_dithmenos_smoke
D:4:      layout_basic, uniq_blork_the_orc, uniq_robin
D:5:      layout_loops_ring, fiery_altar_vehumet, uniq_menkaure

Skill      XL: |  1  2  3  4  5  6 |
---------------+-------------------+-----
Stealth        | 3 |  3.0
Dodging        | 3 4 |  4.1
Fighting       | 1 2 |  2.0
Conjurations   | 2 3 |  3.3
Spellcasting   | 4 |  4.8
Fire Magic     | 4 |  4.4

Action                   |  1- 3 |  4- 6 || total
-------------------------+-------+-------++-------
Melee: Dagger            |       |     3 ||     3
 Cast: Foxfire           |    75 |   110 ||   185
       Conjure Flame     |       |     2 ||     2
  Use: Scroll            |       |     5 ||     5
       Potion            |       |     1 ||     1
 Stab: Sleeping          |       |     1 ||     1
Armor: Robe              |     4 |    11 ||    15
Dodge: Dodged            |    26 |    39 ||    65
